 Dungeon Crawl Stone Soup version 0.30-a0-553-g7fabdf1491 (webtiles) character file.

Game seed: 18032880243357280241

46 jfcaron the Insei (level 3, -2/24 HPs)
             Began as an Octopode Transmuter on Dec 27, 2022.
             Slain by a gnoll
             ... wielding a +0 spear
              (6 damage)
             ... on level 2 of the Dungeon.
             The game lasted 00:02:32 (1187 turns).

jfcaron the Insei (Octopode Transmuter)             Turns: 1187, Time: 00:02:33

Health: -2/24      AC:  1    Str:  9    XL:     3   Next: 66%
Magic:  3/6        EV: 13    Int: 17    God:
Gold:   67         SH:  0    Dex: 12    Spells: 3/6 levels left

rFire   . . .      SeeInvis .      - Unarmed
rCold   . . .      Faith    .    (no shield)
rNeg    . . .      Spirit   .    (helmet currently unavailable)
rPois   .          Reflect  .    (no amulet)
rElec   .          Harm     .    (no ring)
rCorr   .          Rampage  .    (no ring)
Will    .....                    (no ring)
Stlth   ++                       (no ring)
HPRegen 0.24/turn                (no ring)
MPRegen 0.10/turn                (no ring)
                                 (no ring)
                                 (no ring)

@: appendages, wereblooded
A: tentacle spike 3, almost no armour, amphibious, 8 rings, camouflage 1,
gelatinous body 1, (nimble swimmer 1), tentacles
a: End Transformation


You were on level 2 of the Dungeon.
One of your tentacles had grown a beastly spike.
You visited 1 branch of the dungeon, and saw 2 of its levels.

You collected 67 gold pieces.

Inventory:

Missiles
 b - 3 poisoned darts
 d - 6 atropa-tipped darts {!f}
 h - 7 stones
Scrolls
 c - a scroll of noise {unknown}
 f - 3 scrolls of identify {unknown}
 g - a scroll of poison {unknown}
 k - 3 scrolls of teleportation {unknown}
 l - a scroll of enchant armour {unknown}
Potions
 a - a potion of lignification
 e - a potion of ambrosia {unknown}
 i - 2 potions of heal wounds {unknown}
 j - a potion of flight {unknown}


   Skills:
 + Level 1.6 Fighting
 + Level 2.4 Dodging
 + Level 3.3 Unarmed Combat
 + Level 2.4 Spellcasting
 + Level 2.4 Transmutations


You had 3 spell levels left.
You knew the following spells:

 Your Spells              Type           Power      Damage    Failure   Level
a - Beastly Appendage     Tmut           20%        N/A       7%          1
b - Wereblood             Tmut           10%        N/A       11%         2

Your spell library contained the following spells:

 Spells                   Type           Power      Damage    Failure   Level
 Spider Form              Tmut/Pois      6%         N/A       34%         3
 Ice Form                 Ice/Tmut       6%         N/A       75%         4


Dungeon Overview and Level Annotations

Branches:
Dungeon (2/15)

Altars:


Innate Abilities, Weirdness & Mutations

One of your tentacles has grown a beastly spike.
You cannot wear most types of armour.
You are amphibious.
You can wear up to eight rings at the same time.
Your skin changes colour to match your surroundings (Stealth+).
Your rubbery body absorbs attacks. (AC +1, EV +1)
((You are camouflaged when in or above water. (Stealth+)))
You have tentacles for arms and can constrict up to eight enemies at once.


Message History

There is a stone staircase leading down here.
You start resting.
HP restored.
You start resting.
HP restored.
Casting: Beastly Appendage (safe; 7% risk of failure)
Confirm with . or Enter, or press ? or * to list all spells.
You miscast Beastly Appendage.
You are very lightly contaminated with residual magic.
Nothing appears to happen.
Casting: Beastly Appendage (safe; 7% risk of failure)
Confirm with . or Enter, or press ? or * to list all spells.
You miscast Wereblood.
Nothing appears to happen.
You start resting.
Magic restored.
You start resting.
Your magical contamination has completely faded away.
You start resting.
Magic restored.
Casting: Wereblood (safe; 11% risk of failure)
Confirm with . or Enter, or press ? or * to list all spells.
One of your tentacles grows a vicious spike.
Casting: Beastly Appendage (safe; 7% risk of failure)
Confirm with . or Enter, or press ? or * to list all spells.
Your blood is infused with primal strength.
You climb downwards.
The gnoll hits you from afar with a +0 spear. x2
There is a stone staircase leading up here.
The gnoll hits you with a +0 spear.
You tentacle-slap the gnoll but do no damage.
Your grab misses the gnoll. The gnoll hits you with a +0 spear.
You tentacle-slap the gnoll. Your grab misses the gnoll.
The gnoll is moderately wounded.
The gnoll hits you with a +0 spear.
* * * LOW HITPOINT WARNING * * *
You closely miss the gnoll. Your grab misses the gnoll.
Your tentacle spike misses the gnoll.
You squeeze the gnoll!
The gnoll is almost dead.
The gnoll hits you with a +0 spear.
You die...

.. #.# # #.. .#
... ..# #.####..#
#.#(....#
#.#<)...#
#.@)....# #
#g......#
#.#######.......#
#........##....##
########.##...##
#.###...# #.#
)..# #######.#
...# ........#
...#


You could see a gnoll.

Vanquished Creatures
  A gnoll (D:1)
  3 dart slugs (D:1)
  5 endoplasms
  2 goblins
  3 hobgoblins (D:1)
  4 jackals (D:1)
  A quokka (D:1)
  A ball python (D:2)
  2 bats (D:1)
  A frilled lizard (D:1)
  2 kobolds
  2 rats
27 creatures vanquished.

Notes
Turn   | Place    | Note
-------+----------+-------------------------------------------
     0 | D:1      | jfcaron the Octopode Transmuter began the quest for the
                  | Orb.
     0 | D:1      | Reached XP level 1. HP: 13/13 MP: 3/3
   176 | D:1      | Reached XP level 2. HP: 13/18 MP: 3/5
   246 | D:1      | Found a faded altar of an unknown god.
   310 | D:1      | Learned a level 2 spell: Wereblood
   400 | D:1      | Reached XP level 3. HP: 23/23 MP: 3/6
  1066 | D:1      | HP: 4/23 [gnoll/+0 club (4)]
  1186 | D:2      | HP: 4/24 [gnoll/+0 spear (6)]
  1187 | D:2      | Slain by a gnoll

Illustrated notes

Levels and vault maps discovered:
D:1:      lemuel_arrival_room, layout_loops_corners,
          ebering_ecumenical_altar_rust, minmay_vboxes
D:2:      layout_loops_ring, serial_shops, nicolae_shop_stone, shop,
          nicolae_shop_hallway_plus, nicolae_diamond_shop

Action                   || total
-------------------------++-------
Melee: Unarmed           ||    51
       Constrict         ||    15
       Kick              ||    16
       Tentacles         ||    13
       Punch             ||     2
 Cast: Beastly Appendage ||    11
       Wereblood         ||     2
 Stab: Sleeping          ||     1
Armor: Skin              ||     4
Dodge: Dodged            ||    25

Table legend: (Time is in decaauts)
 A = Elapsed time spent in this place.
 B = Non-inter-level travel time spent in this place.
 C = Inter-level travel time spent in this place.
 D = Time resting spent in this place.
 E = Time spent auto-exploring this place.
 F = Levels seen in this place.
 G = Mean time per level.
                   A        B        C        D        E       F      G
               +--------+--------+--------+--------+--------+-----+--------+
         Total |   1185 |   1136 |     49 |    143 |    820 |   2 |  592.5 |
       Dungeon |   1185 |   1136 |     49 |    143 |    820 |   2 |  592.5 |
               +--------+--------+--------+--------+--------+-----+--------+

Top non-repeatable levels by time:
     D:1: 1113 daAuts
     D:2: 71 daAuts
